 Dungeon Crawl Stone Soup version 0.20.0-8-g6b59dc7 (console) character file.

81 removed the Poker (level 4, -2/26 HPs)
             Began as a Tengu Warper on May 31, 2017.
             Slain by a gnoll
             ... wielding a +0 spear
              (6 damage)
             ... on level 2 of the Dungeon.
             The game lasted 00:02:40 (2100 turns).

removed the Poker (Tengu Warper)                    Turns: 2100, Time: 00:02:40

Health: -2/26      AC:  3    Str: 12    XL:     4   Next: 40%
Magic:  8/8        EV: 12    Int: 13    God:
Gold:   50         SH:  0    Dex: 14    Spells: 7/7 levels left

rFire    . . .     SeeInvis .   a - +2 falchion (elec)
rCold    . . .     Gourm    .   (no shield)
rNeg     . . .     Faith    .   b - +0 leather armour
rPois    .         Spirit   .   (helmet restricted)
rElec    .         Reflect  .   (no cloak)
rCorr    .         Harm     .   (no gloves)
MR       .....                  (boots unavailable)
Stlth    +.........             (no amulet)
Regen    0.1/turn               (no ring)
MPRegen  0.2/turn               (no ring)

@: no status effects
A: beak, talons 3
a: no special abilities


You were on level 2 of the Dungeon.
You were not hungry.

You visited 1 branch of the dungeon, and saw 2 of its levels.

You collected 50 gold pieces.

Inventory:

Hand Weapons
 a - a +2 falchion of electrocution (weapon)
 l - a +0 spear
Missiles
 e - 2 tomahawks of dispersal (quivered)
Armour
 b - a +0 leather armour (worn)
Wands
 j - a wand of flame (26/48)
Scrolls
 d - a scroll of blinking
 m - a scroll of identify
Potions
 i - a potion of curing
 k - a potion of cancellation {unknown}
 n - a potion of invisibility {unknown}
Books
 c - a book of Spatial Translocations

   Spells                             Type                      Level
   a - Blink                          Translocation                2
   b - Shroud of Golubria             Charms/Translocation         2
   c - Lesser Beckoning               Translocation                3
   d - Gell's Gravitas                Translocation                3
   e - Teleport Other                 Translocation                3
   f - Passage of Golubria            Translocation                4


   Skills:
 - Level 2.0 Fighting
 + Level 1.3 Long Blades
 - Level 4.6 Polearms
 - Level 1.0 Throwing
 - Level 1.1 Armour
 - Level 2.1 Dodging
 - Level 2.0 Spellcasting
   Level 2.4 Translocations


You had 7 spell levels left.
You didn't know any spells.

Dungeon Overview and Level Annotations

Branches:
Dungeon (2/15)

Altars:


Innate Abilities, Weirdness & Mutations

You have a beak for a mouth.
You have claws for feet.


Message History

You are starving!
You eat the bread ration.
That bread ration really hit the spot!
You start resting.
HP restored.
You climb downwards.
The gnoll hits you with a spear.
There is a stone staircase leading up here.
Unknown command.
You hit the gnoll.
The gnoll is moderately wounded.
The gnoll hits you with a spear. The gnoll hits you with a spear!
You hit the gnoll.
The gnoll is heavily wounded.
The gnoll hits you with a spear!
* * * LOW HITPOINT WARNING * * *
You are too injured to fight recklessly!
You are too injured to fight recklessly!
You barely miss the gnoll. Your peck misses the gnoll.
The gnoll is heavily wounded.
The gnoll hits you with a spear.
You die...

#g#..#.####........#.#.##.
#.#.......#........#.#.##.
#.#....##.#............... #
#)#....##.#..........#####
#.##.#.#..##.#.#######.......
#..).#.#..##.#.# #.######
######...>...#.# #.#<....
#....####.# #.#..###
#......@#.#######.#..#..
#....#g.#.........#..#..
########....#.#########..#.....
#...........#.(.....###..#.....
#.#######......####..(#..#.#...
#.........#.##.######.#..#.#...
#####.......#.........#..#.#...
#.#################..#.###.
#.##...........(.....#.....


You could see a gnoll.

Vanquished Creatures
  An adder (D:2)
  2 gnolls (D:2)
  2 oozes (D:1)
  3 dart slugs (D:1)
  3 leopard geckos
  2 giant cockroaches
  5 goblins (D:1)
  4 hobgoblins (D:1)
  4 jackals (D:1)
  A bat (D:1)
  5 kobolds (D:1)
  2 rats
34 creatures vanquished.

Notes
Turn   | Place    | Note
-------+----------+-------------------------------------------
     0 | D:1      | removed the Tengu Warper began the quest for the Orb.
     0 | D:1      | Reached XP level 1. HP: 12/12 MP: 4/4
   137 | D:1      | Reached XP level 2. HP: 13/17 MP: 6/6
   254 | D:1      | Reached skill level 3 in Polearms
   476 | D:1      | Reached XP level 3. HP: 17/21 MP: 7/7
   530 | D:1      | Reached skill level 4 in Polearms
   996 | D:2      | Reached XP level 4. HP: 16/26 MP: 8/8
  1792 | D:2      | Reached skill level 1 in Long Blades
  2100 | D:2      | Slain by a gnoll

Skill      XL: |  1  2  3  4 |
---------------+-------------+-----
Polearms       | 3 4 |  4.6
Long Blades    | 1 |  1.3
Fighting       | |  2.0
Throwing       | |  1.0
Armour         | |  1.1
Dodging        | |  2.1
Spellcasting   | |  2.0
Translocations | |  2.4

Action                   |  1- 3 |  4- 6 || total
-------------------------+-------+-------++-------
Melee: Spear             |    91 |     7 ||    98
       Peck              |    14 |     1 ||    15
       Kick              |    12 |     3 ||    15
       Falchion          |       |     8 ||     8
Throw: Tomahawk          |     3 |       ||     3
  Use: Scroll            |     3 |     1 ||     4
 Stab: Sleeping          |     1 |     1 ||     2
  Eat: Bread ration      |       |     1 ||     1
       Chunk             |       |     1 ||     1
Armor: Leather armour    |    16 |     2 ||    18
Dodge: Dodged            |    37 |     5 ||    42
